Map: Discord IV

Players

KingRamen - Winner!

  • Race: Zerg Zerg
  • Spawn Location: 5:00

Gordita - Winner!

  • Race: Zerg Zerg
  • Spawn Location: 9:00

A.I. 2 (Medium)

  • Race: Zerg Zerg
  • Spawn Location: 11:00

A.I. 4 (Medium)

  • Race: Terran Terran
  • Spawn Location: 5:00

A.I. 5 (Medium) - Winner!

  • Race: Terran Terran

VOD

Have the link to the VOD?

Description

Old Replay that i wanted to see of my first match ever

Time

  • Played on: Nov. 26, 2015, 7:06 p.m.
  • Length: 19:23
Show
View Real Time Build Order
Export as new Build Order

KingRamen Zerg - Winner!

Build Orders: Pool First, Lurkers 

Get SALT Encoding   

  12  0:06  Drone  
  13  0:09  Drone  
  14  0:20  Overlord  
  14  0:28  Overlord  
  14  0:33  Extractor  
  13  0:47  Spawning Pool  
  13  0:49  Drone  
  13  1:01  Drone x2  
  15  1:15  Drone  
  15  1:16  Drone  
  17  1:33  Drone, Queen  
  20  1:52  Extractor  
  20  1:53  Drone x2  
  21  1:57  Zergling x2  
  22  2:09  Zergling x2  
  22  2:11  Hatchery  
  22  2:19  Lair  
  22  2:22  Drone  
  23  2:27  Drone  
  24  2:38  Drone  
  25  2:45  Evolution Chamber  
  24  2:51  Drone x2  
  24  2:54  Overlord  
  26  3:00  Zergling x2  
  27  3:10  Drone  
  28  3:16  Zergling x6  
  31  3:35  Roach Warren, Zergling x4  
  31  3:36  Zergling x4  
  34  3:49  Zergling x6  
  34  3:50  Zergling x2  
  34  3:53  Drone  
  39  3:59  Overlord  
  39  4:12  Drone, Zergling x2  
  39  4:16  Metabolic Boost  
  41  4:25  Hydralisk Den  
  41  4:31  Roach x2  
  44  4:39  Infestation Pit  
  44  4:54  Infestation Pit  
  43  5:01  Drone x2  
  43  5:02  Hydralisk x2  
  43  5:06  Roach  
  51  5:10  Overlord  
  51  5:34  Hatchery  
  50  5:41  Extractor  
  49  5:43  Drone  
  49  5:44  Drone x2  
  44  6:08  Overlord x2  
  44  6:15  Drone x3  
  47  6:22  Zerg Melee Weapons Level 1  
  47  6:40  Spire  
  46  6:47  Drone x3  
  46  6:52  Overlord  
  49  6:56  Lurker Den  
  49  7:24  Drone x5  
  49  7:29  Hatchery  
  53  7:33  Extractor  
  53  7:35  Queen  
  54  8:01  Drone x3  
  54  8:02  Drone  
  54  8:03  Zergling x10  
  54  8:04  Zergling x2  
  64  8:25  Drone x3  
  67  8:30  Drone x3  
  67  8:32  Hydralisk x2  
  67  8:33  Hydralisk  
  76  8:47  Muscular Augments  
  76  8:58  Zergling x4  
  76  8:59  Zergling x10  
  76  9:01  Extractor  
  76  9:02  Mutalisk  
  82  9:03  Extractor  
  83  9:10  Drone  
  83  9:11  Drone x2  
  86  9:17  Drone x3  
  89  9:30  Hive  
  89  9:37  Spine Crawler  
  88  9:39  Spine Crawler  
  88  9:44  Spine Crawler  
  86  9:48  Queen  
  86  9:52  Hydralisk x2  
  92  9:53  Hydralisk  
  92  9:56  Lurker  
  92  9:58  Overlord  
  95  10:04  Overlord  
  95  10:19  Drone  
  95  10:20  Drone x7  
  99  10:35  Lurker  
  100  10:36  Hydralisk x2  
  100  10:37  Hydralisk  
  106  10:44  Ultralisk Cavern  
  106  10:46  Drone x2  
  106  10:47  Drone  
  108  10:54  Zerg Ground Armor Level 1  
  108  11:09  Hydralisk x2  
  112  11:32  Zerg Flyer Armor Level 1  
  112  11:42  Overlord x4  
  112  11:43  Overlord  
  100  11:58  Spore Crawler  
  100  12:00  Drone x2  
  100  12:01  Drone x3  
  102  12:02  Drone x3, Spore Crawler  
  105  12:33  Spine Crawler  
  104  12:37  Spine Crawler  
  103  12:48  Zerg Missile Weapons Level 1  
  103  12:56  Zergling x10  
  103  12:57  Ultralisk x6  
  144  13:21  Nydus Network  
  144  13:22  Drone  
  144  13:27  Zerg Flyer Weapons Level 1  
  144  13:30  Nydus Network  
  144  13:32  Hatchery  
  139  13:51  Hydralisk x4  
  139  13:55  Extractor  
  143  13:57  Extractor  
  140  14:17  Lurker x2  
  142  14:21  Nydus Canal  
  142  14:22  Nydus Canal  
  142  14:42  Nydus Canal  
  142  14:43  Nydus Canal  
  142  14:50  Ultralisk x2  
  142  14:51  Zergling x6  
  157  14:54  Overlord x2  
  157  14:55  Overlord x3  
  157  15:09  Spine Crawler  
  137  15:52  Hatchery  
  133  15:57  Extractor, Zergling x14  
  133  15:58  Zergling x16  
  133  15:59  Zergling x2  
  133  16:03  Chitinous Plating  
  147  16:06  Extractor, Nydus Canal  
  146  16:21  Nydus Canal  
  144  16:28  Drone x2  
  144  16:29  Drone x6  
  152  16:33  Spine Crawler  
  151  16:42  Spine Crawler  
  144  17:00  Zergling x16  
  144  17:01  Zergling x12  
  150  17:10  Nydus Canal x2  
  151  17:15  Zergling x6  
  151  17:16  Zergling x10  
  158  17:32  Nydus Canal  
  158  17:33  Nydus Canal  
  158  17:36  Ultralisk x2  
  158  17:37  Ultralisk x3, Zergling x2  
  188  17:38  Zergling x10  
  192  17:55  Hatchery  
  192  17:56  Extractor  
  187  18:12  Extractor  
  186  18:14  Spine Crawler  
  185  18:25  Zergling x10  
  185  18:26  Zergling x14  
  185  18:27  Zergling x6  
  200  18:38  Nydus Canal  
  200  18:39  Nydus Canal  
  198  18:42  Zergling x2  
  199  19:21  Spine Crawler  
Show
View Real Time Build Order
Export as new Build Order

Gordita Zerg - Winner!

Build Orders: 1 Base Baneling Bust, Pool First 

Get SALT Encoding   

  12  0:00  Drone  
  13  0:12  Overlord  
  13  0:17  Drone  
  14  0:30  Drone  
  14  0:33  Drone  
  16  0:42  Spawning Pool  
  15  0:44  Drone  
  15  0:48  Drone  
  17  0:51  Extractor  
  17  0:55  Drone  
  17  1:06  Overlord  
  17  1:29  Queen  
  17  1:31  Zergling x2  
  20  1:37  Roach Warren  
  20  1:38  Extractor, Drone  
  19  1:41  Zergling x2  
  20  1:49  Drone  
  21  2:00  Drone  
  22  2:10  Overlord  
  22  2:21  Roach  
  24  2:32  Roach  
  26  2:42  Roach, Overlord  
  28  2:47  Drone  
  28  2:51  Drone  
  30  3:00  Drone  
  31  3:08  Roach, Drone  
  31  3:10  Baneling Nest  
  31  3:12  Drone  
  34  3:16  Drone  
  35  3:22  Drone  
  36  3:28  Evolution Chamber  
  36  3:33  Roach  
  37  3:39  Overlord  
  37  3:40  Drone  
  38  3:43  Roach  
  40  4:12  Zergling x2  
  40  5:08  Lair, Drone  
  40  5:10  Overlord  
  40  5:11  Drone  
  40  5:12  Spore Crawler  
  42  5:14  Drone, Spore Crawler  
  42  5:17  Drone  
  42  5:23  Hatchery  
  41  5:32  Drone  
  42  5:41  Spine Crawler  
  42  5:42  Drone  
  42  5:45  Zergling x2  
  29  5:58  Roach  
  31  6:05  Queen  
  31  6:07  Overseer x2  
  31  6:09  Hydralisk Den  
  31  6:10  Roach  
  31  6:11  Drone  
  35  6:19  Spine Crawler  
  35  6:20  Drone  
  35  6:22  Roach, Infestation Pit  
  35  6:24  Drone  
  37  6:34  Roach  
  37  6:35  Drone  
  37  6:38  Drone  
  41  6:40  Drone  
  41  6:45  Drone  
  41  6:46  Roach  
  45  6:51  Drone, Spore Crawler  
  45  6:54  Drone  
  45  6:57  Drone  
  45  6:58  Hydralisk  
  45  7:00  Drone  
  50  7:06  Drone  
  50  7:07  Spore Crawler  
  50  7:09  Drone  
  50  7:17  Zergling x2  
  50  7:19  Drone  
  50  7:22  Drone  
  51  7:25  Drone  
  51  7:27  Overlord  
  51  7:28  Drone  
  53  7:33  Drone  
  53  7:36  Spine Crawler  
  53  7:39  Drone  
  53  7:41  Spine Crawler  
  53  7:43  Drone  
  54  7:47  Hydralisk  
  54  7:48  Queen  
  54  7:49  Drone  
  59  7:51  Drone  
  59  7:54  Drone  
  59  7:58  Drone, Overlord  
  62  7:59  Hydralisk  
  62  8:00  Drone  
  65  8:09  Spire  
  65  8:11  Overseer  
  65  8:12  Hydralisk  
  66  8:16  Drone  
  66  8:17  Overlord, Evolution Chamber  
  66  8:19  Drone  
  67  8:24  Roach  
  69  9:02  Extractor  
  68  9:05  Extractor  
  67  9:25  Corruptor  
  67  9:26  Hive  
  67  9:28  Overseer  
  67  9:30  Overlord  
  67  9:31  Drone  
  70  9:32  Pneumatized Carapace  
  70  9:33  Zerg Melee Weapons Level 1  
  70  9:37  Infestor  
  71  9:41  Drone, Hatchery  
  67  9:48  Corruptor  
  69  9:59  Infestor  
  71  10:03  Zerg Ground Armor Level 1  
  71  10:10  Zergling x2  
  58  10:23  Burrow  
  58  10:26  Overseer  
  58  10:31  Overseer  
  58  10:39  Greater Spire  
  58  10:52  Ultralisk Cavern  
  58  10:55  Drone  
  58  10:56  Queen  
  60  10:58  Drone  
  60  11:01  Drone  
  62  11:04  Drone  
  62  11:07  Drone  
  62  11:08  Extractor  
  62  11:10  Drone  
  64  11:11  Spore Crawler  
  64  11:13  Drone  
  64  11:14  Spore Crawler  
  64  11:16  Drone  
  64  11:17  Extractor  
  63  11:19  Drone  
  63  11:22  Drone  
  65  11:26  Drone  
  65  11:28  Zerg Missile Weapons Level 1  
  65  11:29  Drone  
  65  11:32  Drone  
  68  11:34  Overlord  
  68  11:35  Drone  
  68  11:38  Drone  
  68  11:39  Spine Crawler  
  69  11:40  Drone  
  69  11:43  Spine Crawler  
  69  11:44  Drone  
  70  11:48  Drone  
  70  11:51  Brood Lord  
  70  11:52  Corruptor  
  70  11:53  Spire  
  74  11:55  Drone  
  74  11:57  Overseer x2  
  74  11:58  Overlord  
  75  12:17  Corruptor, Overlord, Brood Lord  
  79  12:33  Zergling x2  
  79  12:58  Ultralisk  
  79  12:59  Overlord  
  79  13:00  Overseer  
  85  13:09  Lair  
  85  13:19  Overlord, Hydralisk  
  82  13:30  Ultralisk  
  88  13:37  Zerg Melee Weapons Level 2  
  88  13:40  Overlord  
  88  13:42  Ultralisk  
  94  13:51  Hydralisk  
  96  14:01  Overlord  
  96  14:02  Zergling x2, Overseer  
  89  14:03  Zerg Ground Armor Level 2  
  85  14:12  Overseer  
  85  14:20  Overlord  
  85  14:38  Overlord, Ultralisk  
  91  14:48  Ultralisk  
  97  14:57  Overlord  
  97  14:58  Ultralisk  
  103  15:08  Hydralisk  
  103  15:10  Muscular Augments  
  105  15:16  Overlord  
  105  15:18  Hydralisk  
  107  15:27  Zerg Flyer Weapons Level 1  
  106  15:36  Zergling x2  
  85  15:53  Zerg Missile Weapons Level 2  
  85  15:54  Ultralisk  
  79  16:07  Overseer  
  79  16:09  Ultralisk, Overseer  
  80  16:19  Zerg Melee Weapons Level 3, Zergling x2  
  75  16:29  Hydralisk  
  77  16:39  Hydralisk  
  79  16:50  Ultralisk  
  79  16:52  Overlord  
  79  16:53  Overseer  
  85  17:10  Corruptor  
  85  17:11  Overlord  
  87  17:21  Ultralisk  
  93  17:28  Queen  
  78  17:31  Zergling x2  
  78  17:39  Zergling x2  
  78  17:43  Drone  
  68  17:45  Hydralisk  
  58  17:52  Drone  
  58  17:54  Roach  
  58  17:55  Drone  
  58  17:57  Spore Crawler  
  60  17:59  Drone  
  60  18:02  Drone  
  60  18:05  Drone  
  55  18:06  Spore Crawler  
  55  18:08  Drone  
  37  18:15  Drone  
  37  18:16  Roach  
  37  18:18  Drone  
  18  18:22  Drone  
  11  18:30  Zergling x2  
  12  18:40  Corruptor  
  12  18:41  Drone  
  8  18:42  Hydralisk  
  8  18:43  Queen  
  8  18:44  Drone  
  8  18:47  Drone  
  13  18:51  Hydralisk  
  14  19:03  Roach  
Show
View Real Time Build Order
Export as new Build Order

A.I. 2 (Medium) Zerg 

Build Orders:  

Get SALT Encoding   

  12  0:01  SCV  
  13  0:13  SCV  
  14  0:19  Supply Depot  
  14  0:25  SCV  
  15  0:40  SCV  
  15  0:42  Barracks  
  16  0:50  Refinery  
  16  0:52  SCV  
  17  1:04  SCV  
  18  1:16  Supply Depot  
  18  1:29  Marine  
  18  1:30  Orbital Command  
  19  1:35  Barracks  
  19  1:44  Refinery  
  19  1:48  Barracks Tech Lab  
  19  2:06  Marine  
  20  2:08  Supply Depot  
  20  2:24  Marine  
  20  2:28  Marine  
  22  2:30  SCV  
  23  2:42  Marauder, SCV, Engineering Bay  
  26  2:49  Marine  
  27  2:54  SCV  
  27  2:56  Supply Depot  
  28  3:04  Marauder  
  30  3:06  SCV  
  30  3:09  Marine  
  32  3:18  SCV  
  33  3:25  Marauder  
  35  3:30  SCV  
  36  5:20  Barracks Tech Lab  
  37  5:21  SCV  
  37  5:24  Factory  
  37  5:30  Factory  
  37  5:39  Barracks  
  37  5:42  Supply Depot  
  37  5:43  Command Center  
  37  5:45  Missile Turret  
  37  5:54  Sensor Tower  
  37  5:55  Marine  
  34  6:00  Missile Turret  
  26  6:08  Marine  
  26  6:13  Starport, Factory Tech Lab  
  26  6:14  Factory Tech Lab  
  26  6:21  Marine  
  26  6:23  Bunker  
  27  6:34  Marine  
  28  6:40  Armory  
  28  6:46  Barracks Reactor  
  28  6:47  Marine  
  28  6:51  Starport Tech Lab  
  29  6:56  SCV  
  29  6:59  SCV  
  29  7:00  Marauder  
  33  7:08  SCV  
  34  7:11  SCV  
  34  7:12  Marine  
  34  7:14  Refinery  
  36  7:19  Raven  
  36  7:20  SCV, Missile Turret  
  35  7:23  SCV  
  35  7:26  Marauder  
  38  7:32  SCV  
  38  7:35  SCV, Missile Turret  
  40  7:37  Refinery  
  40  7:39  Siege Tank  
  43  7:44  SCV  
  43  7:47  SCV  
  45  7:52  Siege Tank  
  45  7:56  SCV  
  45  7:57  Bunker  
  51  7:59  SCV  
  51  8:02  Raven  
  51  8:04  Marine  
  53  8:08  SCV  
  53  8:11  SCV  
  55  8:17  Marine  
  56  8:20  SCV  
  56  8:23  SCV  
  56  8:27  Supply Depot  
  58  8:31  Marine  
  59  8:44  Marine  
  60  8:58  Cyclone  
  63  9:21  Marine  
  47  9:34  Marine  
  48  9:40  Raven  
  48  9:46  Marine  
  48  9:49  Starport, Combat Shield  
  48  9:50  Terran Infantry Weapons Level 1  
  48  9:51  Marine, Engineering Bay  
  50  9:54  Supply Depot  
  50  9:57  Marauder  
  52  10:02  Marine  
  52  10:03  Ghost Academy  
  53  10:07  Marauder  
  53  10:08  Command Center  
  53  10:10  Stimpack  
  53  10:12  Siege Tank  
  58  10:17  Siege Tank  
  58  10:18  Terran Infantry Armor Level 1, Fusion Core  
  58  10:20  Supply Depot  
  63  10:22  Marine  
  63  10:23  Raven  
  63  10:25  Medivac  
  63  10:27  Reaper  
  67  10:28  Armory  
  67  10:32  Marine  
  67  10:38  Marine  
  67  10:43  Marine  
  68  10:50  Marine  
  68  10:56  Reaper, Starport Tech Lab  
  70  10:57  Medivac  
  70  11:00  Ghost  
  70  11:04  Marine  
  74  11:09  Marine  
  75  11:22  Marine  
  75  11:23  SCV  
  77  11:26  SCV  
  77  11:27  Marauder  
  77  11:28  Concussive Shells  
  77  11:30  SCV  
  80  11:35  SCV  
  80  11:38  SCV  
  80  11:39  Missile Turret  
  82  11:40  Command Center  
  82  11:42  SCV  
  82  11:45  Marine  
  73  11:47  SCV  
  73  11:50  SCV, Missile Turret  
  73  11:51  Marine  
  73  11:53  Refinery  
  62  11:54  SCV, Medivac  
  62  11:56  Marine  
  62  11:57  Refinery  
  62  11:59  SCV  
  64  12:01  Marine  
  64  12:07  Marine  
  64  12:12  Marauder, Raven, Bunker  
  64  12:14  SCV  
  67  12:17  Marine  
  67  12:18  SCV  
  67  12:21  SCV  
  70  12:23  Reaper  
  70  12:24  Medivac  
  70  12:27  SCV  
  70  12:28  Marine  
  75  12:30  SCV  
  75  12:33  SCV  
  75  12:34  Reaper  
  78  12:38  Marine  
  78  12:45  Ghost  
  72  12:54  Medivac  
  72  12:55  Raven, Marine  
  72  12:56  Marine  
  72  12:57  Refinery  
  76  12:59  Missile Turret  
  76  13:03  Missile Turret  
  76  13:05  Refinery, Marine  
  69  13:12  SCV, Marine  
  69  13:14  Marine  
  69  13:16  SCV  
  71  13:20  Reaper  
  74  13:28  Marauder  
  74  13:33  Raven  
  77  13:37  Marine  
  77  13:38  Raven  
  69  13:50  Marauder  
  69  13:53  Marine  
  70  14:00  Marine  
  71  14:07  Medivac  
  70  14:14  Marine  
  72  14:20  Terran Ship Weapons Level 1  
  72  14:21  Raven  
  72  14:22  Marine  
  73  14:27  Terran Vehicle And Ship Armor Level 1  
  73  14:30  SCV, Hellion  
  75  14:31  Hi-Sec Auto Tracking  
  75  14:34  SCV  
  75  14:37  Marauder, SCV  
  72  14:41  SCV  
  72  14:44  SCV  
  76  14:47  SCV  
  76  14:51  Raven  
  77  14:55  Banshee  
  80  15:04  Marine  
  70  15:12  Marine  
  58  15:17  SCV  
  58  15:19  Hellion  
  58  15:21  SCV  
  51  15:24  SCV  
  51  15:25  Medivac  
  51  15:27  Marauder  
  45  15:34  Marine  
  38  15:41  Marine  
  34  15:48  Banshee  
  37  15:56  Viking  
  37  16:05  SCV  
  37  16:10  SCV, Marine  
  39  16:14  Terran Ship Weapons Level 2  
  39  16:17  SCV, Marine  
  39  16:22  SCV  
  35  16:26  Hellion  
  35  16:29  SCV  
  36  16:33  Marauder  
  36  16:35  Raven  
  35  16:40  Marine  
  35  16:47  Viking  
  17  17:09  Viking  
  19  17:21  SCV  
  18  17:33  SCV  
  17  17:45  SCV  
  18  17:57  SCV  
  13  18:09  SCV  
Show
View Real Time Build Order
Export as new Build Order

A.I. 4 (Medium) Terran 

Build Orders:  

Get SALT Encoding   

  12  0:01  SCV  
  13  0:13  SCV  
  14  0:20  Supply Depot  
  14  0:25  SCV  
  15  0:41  SCV  
  16  0:44  Barracks  
  16  0:50  Refinery  
  16  0:53  SCV  
  17  1:05  SCV  
  18  1:20  Supply Depot  
  18  1:31  Orbital Command  
  18  1:32  Marine  
  19  1:38  Barracks  
  19  1:46  Refinery  
  19  1:51  Barracks Tech Lab  
  19  2:08  Factory  
  19  2:09  Marine  
  20  2:27  Marine  
  21  2:30  Marine  
  21  2:32  Supply Depot  
  22  2:44  Marine  
  23  2:52  Hellion  
  23  2:55  SCV  
  26  3:07  SCV  
  26  3:10  Supply Depot  
  27  3:13  Hellion  
  27  3:19  SCV  
  30  3:20  Engineering Bay  
  30  3:31  SCV  
  31  3:35  Hellion  
  33  3:43  SCV  
  34  3:55  SCV  
  34  3:56  Hellion  
  37  5:13  Marauder, Barracks Tech Lab  
  40  5:14  SCV  
  40  5:17  Factory, Factory Tech Lab  
  40  5:20  Missile Turret  
  40  5:22  Supply Depot  
  40  5:24  Missile Turret  
  40  5:34  Sensor Tower, Marine  
  41  5:37  Armory  
  41  5:38  Marauder  
  41  5:40  Starport  
  43  5:51  Supply Depot  
  43  5:52  Marine  
  44  5:59  Marauder  
  46  6:05  Bunker, Factory Tech Lab  
  46  6:10  Reaper  
  47  6:14  Barracks  
  47  6:18  Starport Tech Lab  
  47  6:21  Marauder  
  51  6:42  Marine  
  51  6:45  Reaper  
  52  6:47  Command Center, Raven  
  52  7:02  Barracks Reactor  
  52  7:11  Marine  
  47  7:20  Marine  
  43  7:29  Marine  
  44  7:30  Raven  
  44  7:37  Marine  
  45  7:46  Marine  
  46  8:01  SCV  
  46  8:04  SCV  
  48  8:13  SCV  
  48  8:16  SCV  
  50  8:25  SCV  
  51  8:28  SCV  
  52  8:37  SCV  
  52  8:40  SCV  
  52  8:41  Refinery  
  54  8:43  Missile Turret  
  54  8:46  Missile Turret  
  54  8:48  Refinery  
  54  8:49  SCV  
  54  8:52  SCV  
  56  9:01  SCV  
  57  9:04  SCV  
  58  9:11  Bunker  
  58  9:13  SCV  
  58  9:15  Medivac  
  58  9:16  SCV, Marine  
  63  9:19  Starport  
  63  9:22  Supply Depot, Marine  
  63  9:23  Combat Shield  
  63  9:25  SCV  
  63  9:27  Marine  
  61  9:32  Marine  
  61  9:36  SCV  
  61  9:38  Siege Tank  
  66  9:43  Stimpack, Cyclone  
  57  9:45  Medivac  
  57  9:48  Reaper  
  56  9:53  Marine  
  56  9:57  Starport Tech Lab  
  56  9:59  Reaper  
  58  10:04  Marine  
  58  10:11  SCV, Marine  
  57  10:14  SCV  
  57  10:15  Command Center  
  57  10:20  Marine  
  62  10:22  Marine  
  62  10:23  SCV  
  62  10:24  Raven  
  62  10:25  Raven  
  61  10:29  Marine  
  61  10:31  Marine  
  63  10:39  Marauder  
  63  10:41  Marine  
  61  10:47  Siege Tank  
  59  10:51  Marine  
  59  10:57  Marine  
  59  10:58  Medivac  
  59  10:59  SCV  
  59  11:02  SCV, Cyclone  
  66  11:08  Marauder  
  66  11:11  SCV  
  66  11:12  Marine  
  66  11:14  SCV  
  66  11:18  Marine  
  67  11:21  Terran Infantry Weapons Level 1  
  67  11:23  SCV, Marine  
  69  11:26  SCV  
  69  11:29  Marine  
  68  11:34  Marine  
  68  11:36  SCV  
  68  11:39  Marine  
  69  11:41  SCV  
  67  11:47  Marauder  
  67  11:49  Marine  
  67  11:50  SCV  
  67  11:53  SCV  
  72  11:55  Marauder, SCV  
  72  11:59  Concussive Shells  
  72  12:00  Marine  
  76  12:02  SCV  
  76  12:05  Siege Tank  
  76  12:08  SCV x2  
  82  12:11  Marauder  
  82  12:14  SCV  
  85  12:16  Missile Turret  
  85  12:20  SCV  
  85  12:21  SCV  
  85  12:22  Missile Turret  
  87  12:26  SCV  
  88  12:32  SCV  
  88  12:33  SCV  
  88  12:34  Ghost Academy  
  89  12:37  Supply Depot, Marine  
  89  12:38  SCV  
  89  12:42  Marauder  
  92  12:44  SCV  
  92  12:50  Siege Tank, Bunker  
  95  12:55  Hellion  
  97  13:07  Supply Depot, Marine  
  97  13:11  Medivac  
  89  13:12  Marine  
  89  13:16  Medivac, Terran Infantry Armor Level 1  
  89  13:18  Marine  
  84  13:23  Marine  
  72  13:28  Marine  
  72  13:33  Marine  
  74  13:39  Marine  
  75  13:45  Marine  
  79  13:50  Raven, Marine  
  79  13:55  Raven  
  80  13:56  Siege Tank  
  80  13:59  Supply Depot  
  80  14:01  Marine  
  84  14:02  Refinery  
  84  14:06  Marine  
  85  14:10  Refinery  
  85  14:12  Hellion  
  87  14:18  Marine  
  87  14:24  Supply Depot  
  87  14:28  Siege Tank  
  90  14:33  Siege Tank  
  90  14:34  SCV  
  94  14:58  Engineering Bay  
  93  15:00  Siege Tank  
  93  15:05  Thor  
  102  15:09  Terran Infantry Weapons Level 2  
  100  15:14  Marine  
  100  15:20  Marine  
  93  15:23  Terran Infantry Armor Level 2  
  93  15:25  Marine  
  92  15:31  Marine  
  93  15:36  Marine  
  93  15:41  Terran Vehicle Weapons Level 1, Marine  
  95  15:47  Marine  
  96  15:52  Siege Tank  
  99  15:57  Siege Tank  
  102  16:24  Hellion  
  104  16:29  Siege Tank  
  107  16:46  Hellion  
  113  17:09  Widow Mine  
  113  17:14  Widow Mine, Fusion Core  
  113  17:19  Supply Depot  
  113  17:29  Thor  
  115  17:39  Marine  
  114  17:44  Marine  
  115  17:52  Armory  
  115  18:13  Marine  
  115  18:18  Marine  
  108  18:23  Marine  
  106  18:29  Marine  
  107  18:34  Marine  
  107  18:40  Marine  
Show
View Real Time Build Order
Export as new Build Order

A.I. 5 (Medium) Terran - Winner!

Build Orders:  

Get SALT Encoding   

Tags
 
Add a new tag
Caveats
  • Supply blocks, unpowered buildings, or Contaminate may cause inaccurate times.
  • Supply counts are checked every 10 seconds.